 Dungeon Crawl Stone Soup version 0.27.0-1-g7a089689b8 (webtiles) character file.

Game seed: 17104548404096586451

16136 Kinoniko the Fencer (level 12, -7/133 HPs)
             Began as a Black Draconian Berserker on Aug 10, 2021.
             Was an Elder of Trog.
             Mangled by a 17-headed hydra (9 damage)
             ... on level 1 of the Lair of Beasts.
             The game lasted 00:18:01 (14698 turns).

Kinoniko the Fencer (Black Draconian Berserker)    Turns: 14698, Time: 00:18:02

Health: -7/133     AC: 17    Str: 20    XL:     12   Next: 7%
Magic:  12/12      EV: 16    Int:  7    God:    Trog [****..]
Gold:   1570       SH:  6    Dex: 13    Spells: 11/11 levels left

rFire    . . .     SeeInvis .   I - +6 scimitar "String" {protect, rN+}
rCold    + . .     Faith    .   r - +1 buckler
rNeg     + . .     Spirit   .   (armour unavailable)
rPois    +         Reflect  .   (helmet restricted)
rElec    +         Harm     .   l - +0 cloak
rCorr    +         Rampage  .   a - +0 pair of gloves "Qesad" {rPois Dex-3 Stlth+}
Will     +....                  (no boots)
Stlth    ..........             (no amulet)
HPRegen  0.32/turn              m - ring of poison resistance
MPRegen  0.13/turn              s - ring "Sahul" {rC+ Will+ rCorr}

@: berserking (expiring), under a protective aura, studying Crossbows, very
quick
A: breathe lightning, AC +8, unfitting armour, electricity resistance,
cold-blooded
a: Breathe Lightning, Renounce Religion, Berserk, Trog's Hand, Brothers in Arms


You were on level 1 of the Lair of Beasts.
You worshipped Trog.
Trog was greatly pleased with you.
You visited 2 branches of the dungeon, and saw 12 of its levels.
You also visited: Bailey.

You collected 1855 gold pieces.
You spent 285 gold pieces at shops.

Inventory:

Hand Weapons
 p - the +5 dire flail of Ancient Evil {flame, Dex+5}
   (You found it in a bailey)

   It burns those it strikes, dealing additional fire damage.
   Dex:       It affects your dexterity (+5).
 y - a +0 scimitar
 C - the +3 long sword of Sunlight {vorpal, rC+ MP-9 Dex+5}
   (Trog gifted it to you on level 9 of the Dungeon)

   It inflicts extra damage upon your enemies.
   Dex:       It affects your dexterity (+5).
   rC:        It protects you from cold.
   MP:        It affects your magic capacity (-9).
 E - a +6 great sword
 I - the +6 scimitar "String" (weapon) {protect, rN+}
   (You took it off a hobgoblin in a bailey)

   It grants its wielder temporary protection when it strikes (+7 to AC).
   rN:        It protects you from negative energy.
Missiles
 F - 4 javelins (quivered)
Armour
 a - the +0 pair of gloves "Qesad" (worn) {rPois Dex-3 Stlth+}
   (You bought it in a shop on level 6 of the Dungeon)

   Dex:       It affects your dexterity (-3).
   rPois:     It protects you from poison.
   Stlth:     It makes you more stealthy.
 l - a +0 cloak (worn)
 r - a +1 buckler (worn)
 G - the +1 pair of boots "Hunloc" {rF- rC- rCorr Int+8}
   (You found it on level 11 of the Dungeon)

   Int:       It affects your intelligence (+8).
   rF:        It makes you vulnerable to fire.
   rC:        It makes you vulnerable to cold.
   rCorr:     It protects you from acid and corrosion.
Jewellery
 e - a ring of fire
 m - a ring of poison resistance (left hand)
 s - the ring "Sahul" (right hand) {rC+ Will+ rCorr}
   (You acquired it on level 6 of the Dungeon)

   [ring of resist corrosion]

   rC:        It protects you from cold.
   rCorr:     It protects you from acid and corrosion.
   Will:      It increases your willpower.
 J - a +6 ring of dexterity
Wands
 w - a wand of charming (9)
 x - a wand of acid (3)
 A - a wand of flame (33)
 B - a wand of polymorph (16)
Scrolls
 b - 3 scrolls of amnesia
 c - 3 scrolls of vulnerability
 f - a scroll of silence
 k - 6 scrolls of teleportation
 v - 2 scrolls of fear
 H - a scroll of enchant armour
 K - a scroll of brand weapon {unknown}
Potions
 d - 5 potions of curing
 g - 7 potions of attraction
 h - 6 potions of heal wounds {unknown}
 i - 9 potions of flight
 j - 2 potions of mutation {unknown}
 n - a potion of cancellation {unknown}
 o - 3 potions of ambrosia {unknown}
 q - 2 potions of haste {unknown}
 t - 2 potions of might
 u - 2 potions of magic {unknown}
 z - 2 potions of lignification {unknown}
 D - a potion of brilliance {unknown}


   Skills:
 - Level 3.2 Fighting
 * Level 15.6 Long Blades
 + Level 9.7 Dodging
 - Level 5.3 Shields


You had 11 spell levels left.
You didn't know any spells.
Your spell library was empty.

Dungeon Overview and Level Annotations

Branches:
Dungeon (11/15)            Temple (0/1) D:4            Lair (1/6) D:9
    Orc (0/2) D:11         Bailey (visited)

Altars:
The Shining One

Shops:
D:6 [

Annotations:
D:5 2 transporters, fly's ghost, amateur FoDe
D:7 1 runed translucent door, weresquid's ghost, novice DsGl


Innate Abilities, Weirdness & Mutations

You can breathe wild blasts of lightning.
Your glossy black scales are hard. (AC +8)
You cannot fit into any form of body armour.
You are resistant to electric shocks. (rElec)
You are cold-blooded and may be slowed by cold attacks.


Message History

The 14-headed hydra is almost dead.
Unknown command.
You lop one of the 14-headed hydra's heads off!
The 13-headed hydra grows two more!
You slash the 15-headed hydra!
The 15-headed hydra is severely wounded.
The bullfrog completely misses you. The 15-headed hydra barely misses you.
The 15-headed hydra closely misses you.
The 15-headed hydra bites you but does no damage.
The 15-headed hydra closely misses you. The 15-headed hydra bites you. x2
* * * LOW HITPOINT WARNING * * *
The 15-headed hydra bites you but does no damage.
The 15-headed hydra misses you.
The 15-headed hydra bites you but does no damage. x3
The 15-headed hydra bites you!
* * * LOW HITPOINT WARNING * * *
The 15-headed hydra bites you but does no damage.
You block the 15-headed hydra's attack. The 15-headed hydra misses you.
You slice one of the 15-headed hydra's heads off!
The 14-headed hydra grows two more!
You slash the 16-headed hydra!
The 16-headed hydra is severely wounded.
You block the bullfrog's attack.
Unknown command.
You hack one of the 16-headed hydra's heads off!
The 15-headed hydra grows two more!
You slash the 17-headed hydra!
The 17-headed hydra is severely wounded.
The 17-headed hydra bites you but does no damage.
The 17-headed hydra bites you!
* * * LOW HITPOINT WARNING * * *
The 17-headed hydra bites you but does no damage.
The 17-headed hydra barely misses you. The 17-headed hydra bites you!
* * * LOW HITPOINT WARNING * * *
The 17-headed hydra bites you but does no damage.
The 17-headed hydra bites you.
* * * LOW HITPOINT WARNING * * *
The 17-headed hydra misses you.
The 17-headed hydra bites you but does no damage. x2
The 17-headed hydra misses you.
The 17-headed hydra bites you but does no damage.
The 17-headed hydra closely misses you. The 17-headed hydra bites you!
You die...

###
############.##########
......................#
####P..##..............#
........#...####.#####.#
......D@...## #.# #..
......F.?...# ##.# #..
.....Y..#..## .....###.#
......[.....# .........#
..Y........## ###P####.#
#.#######..# #####.# .
...# ###P#.#.# ....
........# ........#


You could see a 17-headed hydra, 2 yaks and a bullfrog.

Vanquished Creatures
  A hydra (D:11)
  A two-headed ogre (D:11)
  A death yak (D:9)
  Urug (D:10)
  Pikel (D:8)
  An elephant (D:9)
  An ugly thing (D:9)
  A manticore (D:11)
  A black mamba (Lair:1)
  A gargoyle (D:11)
  Psyche (D:8)
  2 komodo dragons
  2 trolls (D:11)
  A shadow (D:11)
  2 wyverns
  24 yaks
  A wraith (D:11)
  2 steam dragons
  3 acid dragons
  2 water moccasins
  Duvessa (D:6)
  3 black bears
  A hornet zombie (D:7)
  2 ice beasts
  11 orc warriors
  2 ogres
  A necrophage (D:7)
  6 centaurs
  A phantom (D:5)
  A lemure (D:8)
  4 bullfrogs
  2 scorpions (D:6)
  Dowan (D:6)
  23 killer bees
  2 howler monkeys
  A jelly (D:7)
  A hound (D:4)
  5 centaur zombies
  A gnoll shaman (D:7)
  4 orc priests
  A bullfrog skeleton (D:3)
  Crazy Yiuf (D:6)
  Natasha (thrice) (D:2)
  9 orc wizards
  A howler monkey zombie (D:8)
  Robin (D:2)
  4 gnolls
  2 howler monkey skeletons
  5 adders
  3 white imps
  An ufetubus (D:5)
  2 adder skeletons
  A worm (D:4)
  4 dart slugs
  27 orcs
  5 bats
  9 endoplasms
  3 giant cockroaches
  15 goblins
  12 hobgoblins
  20 kobolds
  6 quokkas
  9 ball pythons
  5 frilled lizards
  12 rats
284 creatures vanquished.

Notes
Turn   | Place    | Note
-------+----------+-------------------------------------------
     0 | D:1      | Kinoniko the Draconian Berserker began the quest for the
                  | Orb.
     0 | D:1      | Reached XP level 1. HP: 19/19 MP: 1/1
   140 | D:1      | Reached XP level 2. HP: 17/26 MP: 2/2
   460 | D:1      | Reached XP level 3. HP: 30/31 MP: 3/3
   571 | D:1      | Reached ** piety under Trog
   579 | D:1      | Reached skill level 4 in Long Blades
  1581 | D:2      | Found a faded altar of an unknown god.
  1643 | D:2      | Noticed Robin
  1647 | D:2      | Reached XP level 4. HP: 38/38 MP: 4/4
  1652 | D:2      | Killed Robin
  2061 | D:2      | Noticed Natasha
  2067 | D:2      | Killed Natasha
  2067 | D:2      | Reached *** piety under Trog
  2068 | D:2      | Reached skill level 5 in Long Blades
  2068 | D:2      | Reached XP level 5. HP: 39/45 MP: 5/5
  2395 | D:2      | Noticed Natasha
  2402 | D:2      | Killed Natasha
  2888 | D:2      | Noticed Natasha
  2907 | D:2      | Killed Natasha
  3116 | D:3      | Noticed a steam dragon
  3131 | D:3      | Killed a steam dragon
  3132 | D:3      | Reached skill level 6 in Long Blades
  3132 | D:3      | Reached XP level 6. HP: 26/51 MP: 6/6
  4438 | D:4      | Reached **** piety under Trog
  4439 | D:4      | Reached skill level 1 in Shields
  4667 | D:4      | Found a staircase to the Ecumenical Temple.
  4948 | D:4      | Your scales start taking on a glossy black colour.
  4948 | D:4      | Reached XP level 7. HP: 54/57 MP: 7/7
  4948 | D:4      | Gained mutation: You are resistant to electric shocks.
                  | (rElec) [Black Draconian growth]
  5030 | D:5      | Entered Level 5 of the Dungeon
  5063 | D:5      | Reached skill level 7 in Long Blades
  5478 | D:5      | Reached skill level 8 in Long Blades
  5727 | D:5      | Found a transporter.
  5731 | D:5      | Noticed fly's ghost (amateur FoDe)
  5731 | D:5      | Identified the +11 great mace "Beetlebane" {spect, Int+3}
  5733 | D:5      | Found a transporter.
  5843 | D:5      | Reached XP level 8. HP: 63/63 MP: 8/8
  6170 | D:6      | Reached skill level 9 in Long Blades
  6235 | D:6      | Identified a scroll of acquirement
  6235 | D:6      | Acquired the ring "Sahul" {rC+ Will+ rCorr}
  6444 | D:6      | Noticed Dowan
  6446 | D:6      | Noticed Duvessa
  6455 | D:6      | Killed Duvessa
  6459 | D:6      | Killed Dowan
  6717 | D:6      | Found a runed translucent door.
  6718 | D:6      | Noticed Crazy Yiuf
  6805 | D:6      | Found Ydanwiet's Antique Armour Boutique.
  6814 | D:6      | Bought a pair of scorched gloves for 285 gold pieces
  6814 | D:6      | Identified the +0 pair of gloves "Qesad" {rPois Dex-3
                  | Stlth+} (You bought it in a shop on level 6 of the Dungeon)
  7098 | D:6      | Killed Crazy Yiuf
  7099 | D:6      | Reached skill level 5 in Shields
  7227 | D:7      | Reached skill level 10 in Long Blades
  7362 | D:7      | Reached XP level 9. HP: 70/70 MP: 9/9
  7518 | D:7      | Reached ***** piety under Trog
  7694 | D:7      | Found a runed translucent door.
  7810 | D:7      | Noticed weresquid's ghost (novice DsGl)
  7962 | D:7      | Reached skill level 5 in Dodging
  8174 | D:8      | Noticed Psyche
  8192 | D:8      | Killed Psyche
  8193 | D:8      | Reached skill level 11 in Long Blades
  8850 | D:8      | Noticed Pikel
  8860 | D:8      | Killed Pikel
  9474 | D:9      | Found a staircase to the Lair.
  9474 | D:9      | Noticed a death yak
  9474 | D:9      | Noticed an elephant
  9499 | D:9      | Killed an elephant
  9500 | D:9      | Reached skill level 12 in Long Blades
  9500 | D:9      | Reached XP level 10. HP: 77/77 MP: 10/10
  9507 | D:9      | Killed a death yak
  9943 | D:9      | Identified the +3 long sword of Sunlight {vorpal, rC+ MP-9
                  | Dex+5} (Trog gifted it to you on level 9 of the Dungeon)
  9943 | D:9      | Received a gift from Trog
 10198 | D:9      | Reached skill level 13 in Long Blades
 10528 | D:9      | Noticed a brown ugly thing
 10541 | D:9      | Killed a brown ugly thing
 10782 | D:10     | Entered Level 10 of the Dungeon
 10817 | D:10     | Reached XP level 11. HP: 82/82 MP: 2/11
 11003 | D:10     | Reached skill level 14 in Long Blades
 11538 | D:10     | Noticed a sea snake
 11590 | D:10     | Noticed Urug
 11599 | D:10     | Killed Urug
 11728 | D:10     | Found a glowing golden altar of the Shining One.
 12260 | D:11     | Identified the +1 pair of boots "Hunloc" {rF- rC- rCorr
                  | Int+8}
 12567 | D:11     | Found a flagged portal.
 12662 | Bailey   | Entered a bailey
 12856 | Bailey   | Identified the +5 dire flail of Ancient Evil {flame, Dex+5}
 12941 | Bailey   | Identified the +6 scimitar "String" {protect, rN+}
 13311 | D:11     | Found a staircase to the Orcish Mines.
 13342 | D:11     | Noticed a two-headed ogre
 13349 | D:11     | Killed a two-headed ogre
 13350 | D:11     | Reached skill level 15 in Long Blades
 13959 | D:11     | Noticed a seven-headed hydra
 13974 | D:11     | Killed an 18-headed hydra
 14371 | Lair:1   | Entered Level 1 of the Lair of Beasts
 14376 | Lair:1   | Reached XP level 12. HP: 82/89 MP: 12/12
 14678 | Lair:1   | Noticed a four-headed hydra
 14698 | Lair:1   | HP: 2/133 [17-headed hydra (5)]
 14698 | Lair:1   | Mangled by a 17-headed hydra

Illustrated notes

Levels and vault maps discovered:
D:1:      roderic_octagonal_star, layout_loops_ring
D:2:      layout_basic, chequers_ecumenical_altar_lobes, minmay_puff,
          uniq_natasha, uniq_robin
D:3:      layout_loops_corners
D:4:      layout_gridville, minmay_temple_entry_statues_fountains
D:5:      layout_loops_ring, gammafunk_ghost_smash
D:6:      layout_basic, serial_shops, nicolae_shop_overgrown_old_shop,
          uniq_crazy_yiuf_cottage, uniq_duvessa
D:7:      layout_basic, hellmonk_ghost_happy_afterlife,
          minmay_tree_intersection, grunt_ministairs_8
D:8:      layout_basic, uniq_pikel, uniq_psyche
D:9:      layout_roguey, david_lair_generic
D:10:     layout_roguey, tso_oasis_becter, serial_aquarium,
          aquarium_bridge_straight [aquarium_subvault_bridge,
          aquarium_subvault_balcony, aquarium_subvault_bridge,
          aquarium_subvault_window], aquarium_window_1, aquarium_window_1,
          aquarium_view_2c, aquarium_view_2g, eino_jars, uniq_urug
D:11:     layout_loops_ring, orc_0_dummy, enter_bailey_8
Lair:1:   layout_regular_city, beast_lair_carwin_9, infiniplex_staircase_pool_2,
          serial_bayou_shore_b, lemuel_fruit_tree

Skill      XL: |  1  2  3  4  5  6  7  8  9 10 11 |
---------------+----------------------------------+-----
Dodging        | 3 4 6 7 9 |  9.7
Long Blades    | 4 5 6 8 10 12 13 15 | 15.6
Shields        | 1 3 5 |  5.3
Fighting       | |  3.2

Action                   |  1- 3 |  4- 6 |  7- 9 | 10-12 || total
-------------------------+-------+-------+-------+-------++-------
Melee: Falchion          |   103 |   226 |    71 |       ||   400
       Tailslap          |    13 |    43 |    41 |    70 ||   167
       Long sword        |       |       |    53 |   262 ||   315
       Scimitar          |       |       |   104 |   122 ||   226
       Unarmed           |       |       |    16 |       ||    16
Invok: Berserk           |     2 |     3 |    12 |    15 ||    32
 Abil: Breathe Lightning |       |       |       |     1 ||     1
  Use: Scroll            |       |    10 |     4 |     4 ||    18
 Stab: Sleeping          |     1 |     3 |     4 |     5 ||    13
       Distracted        |       |       |       |     5 ||     5
Armor: Skin              |    36 |    78 |    76 |   117 ||   307
Dodge: Dodged            |    79 |   129 |   126 |   298 ||   632
Block: Buckler           |       |     8 |    46 |   107 ||   161
       Rpst.: Falchion   |    24 |    46 |    10 |       ||    80
       Long sword        |       |       |     8 |    44 ||    52
       Scimitar          |       |       |    19 |    12 ||    31
